 Dungeon Crawl Stone Soup version 0.29.1-4-g47bece8355 (webtiles) character file.

Game seed: 13732927414339061754

5 izaiah the Chiller (level 1, 0/7 HPs)
             Began as a Felid Ice Elementalist on Dec 4, 2022.
             Constricted to death by a ball python (1 damage)
             ... on level 1 of the Dungeon.
             The game lasted 00:03:27 (127 turns).

izaiah the Chiller (Felid Ice Elementalist)          Turns: 127, Time: 00:03:27

Health: 0/7        AC:  1    Str:  4    XL:     1   Next: 66%
Magic:  2/4        EV: 14    Int: 16    God:
Gold:   27         SH:  0    Dex: 16    Spells: 3/4 levels left
                                        Lives:  0   Deaths: 0

rFire   . . .      SeeInvis +   (weapon unavailable)
rCold   . . .      Faith    .   (shield unavailable)
rNeg    . . .      Spirit   .   (body armour unavailable)
rPois   .          Reflect  .   (helmet unavailable)
rElec   .          Harm     .   (cloak unavailable)
rCorr   .          Rampage  .   (gloves unavailable)
Will    .....                   (boots unavailable)
Stlth   ++........              (no amulet)
HPRegen 0.02/turn               (no ring)
MPRegen 0.09/turn               (no ring)

@: constricted, quick
A: very small, claws 1, fangs 3, see invisible, speed 1, shaggy fur 1, stealthy
paws, no weapons or thrown items, no armour, multi-lived
a: no special abilities


You were on level 1 of the Dungeon.
You visited 1 branch of the dungeon, and saw 1 of its levels.

You collected 27 gold pieces.

Inventory:

Hand Weapons
 b - a +1 dagger
 f - a +0 sling
Missiles
 d - 5 poisoned darts
Armour
 c - a +0 leather armour
 e - a +0 kite shield
 g - a +0 ring mail
Potions
 a - a potion of magic
 h - a potion of berserk rage {unknown}
 i - a potion of curing {unknown}


   Skills:
 + Level 2.8 Dodging
 + Level 2.7 Stealth
 + Level 2.0 Spellcasting
 + Level 3.8 Ice Magic


You had 3 spell levels left.
You knew the following spells:

 Your Spells              Type           Power      Damage    Failure   Level
a - Freeze                Ice            52%        1d7       4%          1

Your spell library contained the following spells:

 Spells                   Type           Power      Damage    Failure   Level
 Frozen Ramparts          Ice            26%        1d4       13%         3
 Ozocubu's Armour         Ice            13%        N/A       13%         3
 Hailstorm                Conj/Ice       7%         3d4       67%         4


Dungeon Overview and Level Annotations

Branches:
Dungeon (1/15)

Altars:


Innate Abilities, Weirdness & Mutations

You have sharp claws.
You have razor-sharp teeth.
You have supernaturally acute eyesight. (SInv)
You cover ground quickly. (Speed+)
You are covered in fur. (AC +1)
Your paws help you pounce on unaware monsters.
You are incapable of wielding weapons or throwing items.
You cannot wear armour.
You gain extra lives every three experience levels.


Message History

Found a ring mail.
Found a black potion.
Found a stone staircase leading down.
You see here a +0 ring mail.
g - a +0 ring mail A ball python comes into view.
Found a golden potion.
Found 2 stones.
Found 15 gold pieces.
A hobgoblin comes into view.
You see here a black potion.
h - a black potion
Found a sapphire potion.
A ball python comes into view.
An endoplasm comes into view.
You see here a golden potion.
i - a golden potion
Aiming: Freeze (safe; 4% risk of failure)
Press: ? - help, Q - select action Shift-Dir - straight line, f - ball python
Aim: a ball python You freeze the ball python.
The ball python is moderately wounded.
The ball python bites you. The ball python closely misses you.
The ball python bites you but does no damage.
The ball python grabs you. The ball python constricts you.
Aiming: Freeze (safe; 4% risk of failure)
Press: ? - help, Q - select action Shift-Dir - straight line, f/p - ball python
Aim: a ball python (moderately wounded, constricting you)
You freeze the ball python.
The ball python is heavily wounded.
The ball python barely misses you. The ball python constricts you.
You scratch the ball python.
The ball python is severely wounded.
The hobgoblin shouts!
The endoplasm quivers.
A kobold comes into view. It is wielding a +0 dagger.
The ball python bites you.
* * * LOW HITPOINT WARNING * * *
The ball python constricts you.
You die...

≈≈≈≈~~P~......# #...
P≈~~~♣♣.#..#.# ######. ~
P~~~~♣....#.# #<...'. ~~
~~♣~.....#.# #..8.'.
♣~~♣♣~♣♣.......###..8.'.
~~P~~P♣......>..##....'.
PPP~~~..........#######.
S~P♣P.......#..# ..
♣.S@.....##..# ..
.~~P.......(.# #.# ...
.....###..g.... $# ...
####. ###....## #... #
.!.... ...J.. .... .K.


You could see an endoplasm, a hobgoblin, a ball python and a kobold (wandering).

Vanquished Creatures
  A ball python (D:1)
  A quokka (D:1)
  2 bats (D:1)
  A frilled lizard (D:1)
  A goblin (D:1)
6 creatures vanquished.

Notes
Turn   | Place    | Note
-------+----------+-------------------------------------------
     0 | D:1      | izaiah the Felid Ice Elementalist began the quest for the
                  | Orb.
     0 | D:1      | Reached XP level 1. HP: 7/7 MP: 4/4
   127 | D:1      | Constricted to death by a ball python

Illustrated notes

Levels and vault maps discovered:
D:1:      sevenhm_arrival_forest_fort_small_6, layout_rooms,
          basic_ecumenical_altar, serial_bayou_lake_a

Action                   || total
-------------------------++-------
Melee: Unarmed           ||     3
 Cast: Freeze            ||     8
  Use: Scroll            ||     1
Armor: Skin              ||     1
Dodge: Dodged            ||     5
